3L
WIZARDING EXPRESS @ KINGSTON TOWNSHIP LEGION
04/21/2021
 
TOP OF THE 1ST
Wizarding Express batting - Pitching for Kingston Township Legion : LHP Shigemasa Horiuchi
Pitching: LHP Shigemasa Horiuchi
Batting: RHB Rafael Arredondo 0-0: Ball
1-0: Ground out 5-3 (Groundball, 5)
Batting: LHB Jason Powell 0-0: Ball
1-0: Ball
2-0: Ball
3-0: Called Strike
3-1: Called Strike
3-2: Fly out, F8 (Popup, 6MD)
Batting: RHB Cole Shaffer 0-0: Ground out 1-3 (Groundball, 13S)
Top of the 1st over - 0 run(s), 0 hit(s), 0 error(s), 0 left on base; Wizarding 0 - Kingston Township 0
BOTTOM OF THE 1ST
Kingston Township Legion batting - Pitching for Wizarding Express : RHP Juan Cantú
Pitching: RHP Juan Cantú
Batting: RHB António Varela 0-0: Foul Ball, location: 2F
0-1: Ground out 4-3 (Groundball, 4)
Batting: RHB Vicente Toro 0-0: Ball
1-0: Ball
2-0: Called Strike
2-1: Swinging Strike
2-2: Foul Ball, location: 2F
2-2: SINGLE (Groundball, 56D)
Batting: LHB Clay Rush 0-0: Ground out 3-1 (Groundball, 34)
Vicente Toro to second
Batting: LHB Gonzalo López 0-0: Ball
1-0: Foul Ball, location: 2F
1-1: Foul Ball, location: 2F
1-2: Ground out 4-3 (Groundball, 4M)
Bottom of the 1st over - 0 run(s), 1 hit(s), 0 error(s), 1 left on base; Wizarding 0 - Kingston Township 0
TOP OF THE 2ND
Wizarding Express batting - Pitching for Kingston Township Legion : LHP Shigemasa Horiuchi
Batting: RHB António Martínez 0-0: Ground out 1-3 (Groundball, 23)
Batting: RHB Pedro Cruz 0-0: Ball
1-0: Foul Ball, location: 2F
1-1: Ball
2-1: Swinging Strike
2-2: Ball
3-2: Foul Ball, location: 2F
3-2: SINGLE (Groundball, 56D)
Batting: SHB Reed Ramsey 0-0: Ball
1-0: Swinging Strike
1-1: Fly out, F3 (Popup, 3F)
Batting: RHB Alfredo Martínez 0-0: Ball
1-0: Called Strike
1-1: Foul Ball, location: 2F
1-2: Ball
Pedro Cruz steals 2nd base
2-2: Strikes out looking
Top of the 2nd over - 0 run(s), 1 hit(s), 0 error(s), 1 left on base; Wizarding 0 - Kingston Township 0
BOTTOM OF THE 2ND
Kingston Township Legion batting - Pitching for Wizarding Express : RHP Juan Cantú
Batting: RHB Akihiko Oike 0-0: Ball
1-0: Called Strike
1-1: Ball
2-1: Ball
3-1: Base on Balls
Batting: RHB Layton Templeman 0-0: Called Strike
0-1: Ball
1-1: Ball
2-1: Ball
3-1: Base on Balls
Akihiko Oike to second
Batting: LHB Wilfrid Savary 0-0: Called Strike
0-1: Foul Ball, location: 2F
0-2: Ball
1-2: Foul Ball, location: 2F
1-2: Ball
2-2: Ball
3-2: SINGLE (Flyball, 7S)
Akihiko Oike to third
Layton Templeman to second
Runner from 3rd tries for Home, SAFE, throw made home
Batting: RHB Ernie McPherson 0-0: Called Strike
0-1: Ball
1-1: Ball
2-1: Foul Ball, location: 2F
2-2: Ball
3-2: Base on Balls
Layton Templeman to third
Wilfrid Savary to second
Batting: RHB Ralph May 0-0: Grounds into double play, 1-2-3 (Groundball, 15)
Wilfrid Savary to third
Ernie McPherson to second
Batting: RHB António Varela 0-0: Ball
1-0: Ball
2-0: Called Strike
2-1: Ball
3-1: Base on Balls
Batting: RHB Vicente Toro 0-0: Called Strike
0-1: Foul Ball, location: 2F
0-2: Fly out, F7 (Flyball, 78S)
Bottom of the 2nd over - 1 run(s), 1 hit(s), 0 error(s), 3 left on base; Wizarding 0 - Kingston Township 1
TOP OF THE 3RD
Wizarding Express batting - Pitching for Kingston Township Legion : LHP Shigemasa Horiuchi
Batting: LHB Dave Lee 0-0: Called Strike
0-1: Swinging Strike
0-2: Foul Ball, location: 2F
0-2: Strikes out swinging
Batting: LHB Nathan Tanner 0-0: Ball
1-0: Foul Ball, location: 2F
1-1: Ball
2-1: Called Strike
2-2: Strikes out swinging
Batting: RHB Rafael Arredondo 0-0: Called Strike
0-1: Swinging Strike
0-2: Ball
1-2: Ball
2-2: Strikes out swinging
Top of the 3rd over - 0 run(s), 0 hit(s), 0 error(s), 0 left on base; Wizarding 0 - Kingston Township 1
BOTTOM OF THE 3RD
Kingston Township Legion batting - Pitching for Wizarding Express : RHP Juan Cantú
Batting: LHB Clay Rush 0-0: Called Strike
0-1: Ball
1-1: Ball
2-1: Ball
3-1: Foul Ball, location: 2F
3-2: Base on Balls
Batting: LHB Gonzalo López 0-0: Ball
1-0: Ball
2-0: Ball
3-0: Called Strike
3-1: Swinging Strike
3-2: Base on Balls
Clay Rush to second
Batting: RHB Akihiko Oike 0-0: Called Strike
0-1: Ball
1-1: Grounds into double play, 6-4-3 (Groundball, 56)
Clay Rush to third
Batting: RHB Layton Templeman 0-0: Ball
1-0: Ground out 5-3 (Groundball, 5)
Bottom of the 3rd over - 0 run(s), 0 hit(s), 0 error(s), 1 left on base; Wizarding 0 - Kingston Township 1
TOP OF THE 4TH
Wizarding Express batting - Pitching for Kingston Township Legion : LHP Shigemasa Horiuchi
Batting: LHB Jason Powell 0-0: Fly out, F5 (Popup, 5F)
Batting: RHB Cole Shaffer 0-0: Called Strike
0-1: Ball
1-1: Called Strike
1-2: Ball
2-2: Ball
3-2: SINGLE (Line Drive, 78S)
Batting: RHB António Martínez 0-0: Ball
1-0: Ball
2-0: Swinging Strike
2-1: Fly out, F9 (Flyball, 9M)
Batting: RHB Pedro Cruz 0-0: Ball
1-0: Ground out 5-3 (Groundball, 5S)
Top of the 4th over - 0 run(s), 1 hit(s), 0 error(s), 1 left on base; Wizarding 0 - Kingston Township 1
BOTTOM OF THE 4TH
Kingston Township Legion batting - Pitching for Wizarding Express : RHP Juan Cantú
Batting: LHB Wilfrid Savary 0-0: Fly out, F7 (Flyball, 78S)
Batting: RHB Ernie McPherson 0-0: Ball
1-0: DOUBLE (Line Drive, 7LM)
Batting: RHB Ralph May 0-0: Ball
1-0: Ball
2-0: Ball
3-0: Base on Balls
Batting: RHB António Varela 0-0: Ball
1-0: Called Strike
1-1: Fly out, F9 (Flyball, 9LM)
Batting: RHB Vicente Toro 0-0: Called Strike
0-1: Called Strike
0-2: Ground out 4-3 (Groundball, 4)
Bottom of the 4th over - 0 run(s), 1 hit(s), 0 error(s), 2 left on base; Wizarding 0 - Kingston Township 1
TOP OF THE 5TH
Wizarding Express batting - Pitching for Kingston Township Legion : LHP Shigemasa Horiuchi
Pitching: RHP Ramón Aguilera
Batting: SHB Reed Ramsey 0-0: Fly out, F4 (Popup, 4MD)
Batting: RHB Alfredo Martínez 0-0: Called Strike
0-1: Foul Ball, location: 2F
0-2: Ball
1-2: SINGLE (Line Drive, 6D)
Batting: LHB Dave Lee 0-0: Fly out, F6 (Popup, 6)
Batting: LHB Nathan Tanner 0-0: Ball
1-0: Ball
2-0: Called Strike
2-1: Called Strike
2-2: Foul Ball, location: 2F
2-2: Ball
3-2: Ground out 6-3 (Groundball, 6)
Top of the 5th over - 0 run(s), 1 hit(s), 0 error(s), 1 left on base; Wizarding 0 - Kingston Township 1
BOTTOM OF THE 5TH
Kingston Township Legion batting - Pitching for Wizarding Express : RHP Juan Cantú
Pitching: RHP Darryl Gordon
Batting: LHB Clay Rush 0-0: Ball
1-0: SOLO HOME RUN (Flyball, 89XD), Distance : 416 ft
Batting: LHB Gonzalo López 0-0: Ball
1-0: Ball
2-0: Ball
3-0: Called Strike
3-1: Swinging Strike
3-2: Strikes out swinging
Batting: RHB Akihiko Oike 0-0: Swinging Strike
0-1: Ball
1-1: Swinging Strike
1-2: Ball
2-2: Strikes out swinging
Batting: RHB Layton Templeman 0-0: Ground out 5-3 (Groundball, 5)
Bottom of the 5th over - 1 run(s), 1 hit(s), 0 error(s), 0 left on base; Wizarding 0 - Kingston Township 2
TOP OF THE 6TH
Wizarding Express batting - Pitching for Kingston Township Legion : RHP Ramón Aguilera
Batting: RHB Rafael Arredondo 0-0: Fly out, F6 (Line Drive, 6D)
Batting: LHB Jason Powell 0-0: Ground out U3 (Groundball, 3S)
Batting: RHB Cole Shaffer 0-0: Ground out 1-3 (Groundball, 23)
Top of the 6th over - 0 run(s), 0 hit(s), 0 error(s), 0 left on base; Wizarding 0 - Kingston Township 2
BOTTOM OF THE 6TH
Kingston Township Legion batting - Pitching for Wizarding Express : RHP Darryl Gordon
Batting: LHB Wilfrid Savary 0-0: Ball
1-0: Called Strike
1-1: Foul Ball, location: 2F
1-2: Ground out 4-3 (Groundball, 4)
Batting: RHB Ernie McPherson 0-0: Ball
1-0: Ball
2-0: Ball
3-0: Called Strike
3-1: Called Strike
3-2: Foul Ball, location: 2F
3-2: Base on Balls
Batting: RHB Ralph May 0-0: Called Strike
0-1: Ball
1-1: Grounds into double play, 6-4-3 (Groundball, 6)
Bottom of the 6th over - 0 run(s), 0 hit(s), 0 error(s), 0 left on base; Wizarding 0 - Kingston Township 2
TOP OF THE 7TH
Wizarding Express batting - Pitching for Kingston Township Legion : RHP Ramón Aguilera
Batting: RHB António Martínez 0-0: Ball
1-0: Ball
2-0: Fly out, F8 (Flyball, 8LM)
Batting: RHB Pedro Cruz 0-0: Foul Ball, location: 2F
0-1: Ball
1-1: Ground out 1-3 (Groundball, 25)
Batting: SHB Reed Ramsey 0-0: Ball
1-0: Ball
2-0: Foul Ball, location: 2F
2-1: Foul Ball, location: 2F
2-2: Strikes out swinging
Top of the 7th over - 0 run(s), 0 hit(s), 0 error(s), 0 left on base; Wizarding 0 - Kingston Township 2
BOTTOM OF THE 7TH
Kingston Township Legion batting - Pitching for Wizarding Express : RHP Darryl Gordon
Batting: RHB António Varela 0-0: Called Strike
0-1: Swinging Strike
0-2: Foul Ball, location: 2F
0-2: Ball
1-2: Strikes out looking
Batting: RHB Vicente Toro 0-0: Ball
1-0: Called Strike
1-1: Called Strike
1-2: Ground out 6-3 (Groundball, 6)
Batting: LHB Clay Rush 0-0: Ball
1-0: Called Strike
1-1: Ball
2-1: Ball
3-1: Base on Balls
Batting: LHB Gonzalo López 0-0: Ball
1-0: Called Strike
1-1: Foul Ball, location: 2F
1-2: Ball
2-2: SINGLE (Line Drive, 34D)
Clay Rush to second
Runner from 2nd tries for 3rd, SAFE, throw made to third
Batting: RHB Akihiko Oike 0-0: Called Strike
0-1: Foul Ball, location: 2F
0-2: Ball
1-2: Foul Ball, location: 2F
1-2: Ball
2-2: Ball
3-2: Fly out, F5 (Popup, 5SF)
Bottom of the 7th over - 0 run(s), 1 hit(s), 0 error(s), 2 left on base; Wizarding 0 - Kingston Township 2
TOP OF THE 8TH
Wizarding Express batting - Pitching for Kingston Township Legion : RHP Ramón Aguilera
Now at 2B: Raúl Valadez
Batting: RHB Alfredo Martínez 0-0: Ball
1-0: Ball
2-0: Ball
3-0: Base on Balls
Batting: LHB Dave Lee 0-0: Swinging Strike
0-1: Ball
1-1: Foul Ball, location: 2F
1-2: Ball
2-2: Fly out, F8 (Flyball, 8LM)
Batting: LHB Nathan Tanner 0-0: Ball
1-0: Foul Ball, location: 2F
1-1: Foul Ball, location: 2F
Balk!
Alfredo Martínez to second
1-2: Fly out, F7 (Line Drive, 7M)
Pinch Hitting: RHB Michael Montgomery 0-0: Ball
1-0: Foul Ball, location: 2F
1-1: Ball
2-1: Ball
3-1: DOUBLE (Line Drive, 34D)
Alfredo Martínez scores
Pinch Hitting: RHB Domingo Navarro 0-0: Called Strike
0-1: Ball
1-1: Ball
2-1: Ball
3-1: Base on Balls
Batting: RHB Cole Shaffer 0-0: Ball
1-0: Ground out 4-3 (Groundball, 4)
Top of the 8th over - 1 run(s), 1 hit(s), 0 error(s), 2 left on base; Wizarding 1 - Kingston Township 2
BOTTOM OF THE 8TH
Kingston Township Legion batting - Pitching for Wizarding Express : RHP Darryl Gordon
Now in LF: Micheal Garren
Now in RF: Domingo Navarro
Pinch Hitting: LHB Forrest McCooke 0-0: Called Strike
0-1: Foul Ball, location: 2F
0-2: Ball
1-2: Fly out, F8 (Flyball, 8LM)
Batting: LHB Stephen Baird 0-0: Called Strike
0-1: Ball
1-1: Ball
2-1: Foul Ball, location: 2F
2-2: Ball
3-2: DOUBLE (Line Drive, 78D)
Batting: RHB Ernie McPherson 0-0: Ball
1-0: Called Strike
1-1: Called Strike
1-2: Ball
2-2: Ball
3-2: Base on Balls
Pinch Runner at 2nd Marcos Zúñiga:
Batting: RHB Ralph May 0-0: Foul Ball, location: 2F
0-1: Swinging Strike
0-2: Strikes out looking
Batting: RHB António Varela 0-0: Ball
1-0: Fly out, F8 (Line Drive, 8RM)
Bottom of the 8th over - 0 run(s), 1 hit(s), 0 error(s), 2 left on base; Wizarding 1 - Kingston Township 2
TOP OF THE 9TH
Wizarding Express batting - Pitching for Kingston Township Legion : RHP Ramón Aguilera
Pitching: RHP Bruce Hamilton
Now at 2B: Forrest McCooke
Batting: RHB António Martínez 0-0: Ball
1-0: Ball
2-0: Ball
3-0: Called Strike
3-1: Foul Ball, location: 2F
3-2: Strikes out swinging
Batting: RHB Pedro Cruz 0-0: Swinging Strike
0-1: Ball
1-1: Ball
2-1: Called Strike
2-2: Ground out 4-3 (Groundball, 4)
Batting: SHB Reed Ramsey 0-0: Fly out, F7 (Flyball, 7LS)
Top of the 9th over - 0 run(s), 0 hit(s), 0 error(s), 0 left on base; Wizarding 1 - Kingston Township 2
This league is powered by Out of the Park Baseball, the baseball management simulation game for PC, Mac and Linux
Friday, January 22nd, 2016 - OOTP Baseball 16.9 Build 39